 Dungeon Crawl Stone Soup version 0.23.2-33-g5129a83184 (webtiles) character file.

Game seed: 11792477606506806706

1996 Derp the Basher (level 9, -5/69 HPs)
             Began as a Demonspawn Abyssal Knight on July 14, 2019.
             Was an Elder of Lugonu.
             Killed from afar by an electric eel (6 damage)
             ... with a bolt of electricity
             ... on level 6 of the Dungeon.
             The game lasted 00:27:38 (6733 turns).

Derp the Basher (Demonspawn Abyssal Knight)         Turns: 6733, Time: 00:27:39

Health: -5/69      AC: 15    Str: 16    XL:     9   Next: 1%
Magic:  0/10       EV:  6    Int: 13    God:    Lugonu [****..]
Gold:   219        SH:  0    Dex: 13    Spells: 8/8 levels left

rFire    . . .     SeeInvis +   t - +2 dire flail (protect)
rCold    . . .     Gourm    .   (shield currently unavailable)
rNeg     . . .     Faith    .   u - +0 plate armour
rPois    .         Spirit   +   (no helmet)
rElec    .         Reflect  .   (no cloak)
rCorr    .         Harm     .   (no gloves)
MR       .....                  f - +0 pair of boots
Stlth    ..........             d - amulet of guardian spirit
HPRegen  0.21/turn              p - ring of see invisible
MPRegen  0.12/turn              (no ring)

@: hasted, very quick
A: claws 2, slimy green scales 1, demonic guardian 1
a: Depart the Abyss, Bend Space, Banish, Corrupt, Renounce Religion


You were on level 6 of the Dungeon.
You worshipped Lugonu.
Lugonu was greatly pleased with you.
You were not hungry.

You visited 1 branch of the dungeon, and saw 6 of its levels.
You visited the Abyss 1 time.
You also visited: Ossuary.

You collected 471 gold pieces.
You spent 252 gold pieces at shops.

Inventory:

Hand Weapons
 a - a +1 mace
 t - a +2 dire flail of protection (weapon)
Armour
 f - a +0 pair of boots (worn)
 q - a +0 pair of boots
 u - a +0 plate armour (worn)
 A - a +0 pair of gloves
Jewellery
 d - an amulet of guardian spirit (around neck)
 p - a ring of see invisible (left claw)
 v - an uncursed amulet of magic regeneration {unknown}
Wands
 y - a wand of random effects (16)
Scrolls
 b - 2 scrolls of fog {unknown}
 h - 5 scrolls of teleportation
 j - 3 scrolls of enchant weapon {unknown}
 k - a scroll of magic mapping
 l - 2 scrolls of amnesia {unknown}
 m - 3 scrolls of enchant armour
 o - 6 scrolls of remove curse
 r - 2 scrolls of random uselessness {unknown}
 w - 4 scrolls of identify
 x - a scroll of blinking {unknown}
Potions
 e - 2 potions of haste
 g - 3 potions of brilliance {unknown}
 i - 2 potions of heal wounds
 n - a potion of flight {unknown}
 s - 3 potions of mutation {unknown}
 z - a potion of might {unknown}
 B - a potion of curing
Comestibles
 c - 5 rations


   Skills:
 + Level 5.8 Fighting
 + Level 8.3 Maces & Flails
 + Level 4.9 Armour
 + Level 2.5 Dodging
 + Level 0.7 Stealth
 + Level 2.5 Invocations


You had 8 spell levels left.
You didn't know any spells.
Your spell library contained the following spells:

 Spells                   Type           Power        Failure   Level  Hunger
 Animate Skeleton         Necr           N/A          100%        1    ##.....
 Apportation              Tloc           #.....       100%        1    ##.....
 Confusing Touch          Hex            #.....       100%        1    ##.....
 Summon Small Mammal      Summ           #...         100%        1    ##.....


Dungeon Overview and Level Annotations

Branches:
Dungeon (6/15)
 Temple: D:4-7

Altars:
Cheibriados
Okawaru
Sif Muna
Uskayaw
Zin
The Shining One

Shops:
D:4 *   D:6 !

Annotations:
D:5 1 runed translucent door, funkygono's ghost, novice FoFi
D:6 3 runed translucent doors, fatnat's ghost, novice MiBe


Innate Abilities, Weirdness & Mutations

You have very sharp fingernails.
You are partially covered in slimy green scales. (AC +2)
A weak demonic guardian rushes to your aid.


Message History

The bolt of electricity hits you. x2
You see here a cyan potion.
The electric eel shoots out a bolt of lightning at you!
The bolt of electricity hits you! x2
* * * LOW HITPOINT WARNING * * *
You feel much better.
The electric eel shoots out a bolt of lightning at you!
The bolt of electricity hits you! x2
You feel yourself speed up.
The electric eel shoots out a bolt of lightning at you!
The bolt of electricity hits you.
* * * LOW HITPOINT WARNING * * *
The bolt of electricity hits you!
* * * LOW HITPOINT WARNING * * *
The electric eel shoots out a bolt of lightning at you!
The bolt of electricity hits you!
* * * LOW HITPOINT WARNING * * *
The electric eel shoots out a bolt of lightning at you!
The bolt of electricity hits you!
You die...

##≈≈♣.##.........##
##.;♣..#............
##.................##
##..................#
#.!...............#.##
##.................<..
##.....#..#.#.#......
##.?.##..#.#........
##@###..#.###.(..∩.
#####..#.# ##.....
#.......# ##....
#.....### ##.#.
#.##...........#.
#.##############. #>#
#. #.# #. #.# #.


You could see an electric eel.

Vanquished Creatures
  Eustachio (D:5)
  Edmund (D:4)
  An ice beast (D:6)
  A centaur (D:5)
  4 ogres
  4 bullfrogs
  3 scorpions
  2 howler monkeys
  2 crimson imps (D:5)
  3 centaur zombies
  A hound (D:4)
  An orc priest (D:3)
  A centaur skeleton (D:4)
  2 iguanas (D:5)
  3 orc wizards
  3 worker ants
  A big kobold zombie (Ossuary)
  3 ogre zombies (Ossuary)
  A hound zombie (D:6)
  A hound skeleton (D:4)
  7 mummies (Ossuary)
  A worker ant zombie (D:5)
  8 adders
  An ooze (D:1)
  6 adder zombies
  3 worms
  2 dart slugs (D:1)
  3 leopard geckos
  10 orcs
  6 bats
  A bat zombie (D:1)
  3 giant cockroaches
  A gnoll zombie (Ossuary)
  10 goblins
  9 hobgoblins
  16 jackals
  3 quokkas
  A ball python (D:4)
  7 frilled lizards
  2 goblin zombies (Ossuary)
  A hobgoblin zombie (Ossuary)
  7 kobolds
  5 kobold zombies (Ossuary)
  6 quokka zombies (Ossuary)
  9 rats
  5 rat zombies (Ossuary)
  8 bushes (D:6)
  A plant (D:6)
181 creatures vanquished.

Vanquished Creatures (collateral kills)
  2 ogres
  An adder skeleton (D:5)
  2 orcs (D:4)
  A jackal skeleton (D:5)
6 creatures vanquished.

Vanquished Creatures (others)
  6 plants (D:6)
6 creatures vanquished.

Grand Total: 193 creatures vanquished

Notes
Turn   | Place    | Note
-------+----------+-------------------------------------------
     0 | Abyss:1  | Derp the Demonspawn Abyssal Knight began the quest for the
                  | Orb.
     0 | Abyss:1  | Reached XP level 1. HP: 18/18 MP: 2/2
    57 | Abyss:1  | Noticed a death drake
    59 | D:1      | Escaped the Abyss
   161 | D:1      | Gained mutation: A weak demonic guardian rushes to your
                  | aid. [demonic ancestry]
   161 | D:1      | Reached XP level 2. HP: 6/24 MP: 3/3
   194 | D:1      | Reached skill level 2 in Maces & Flails
   393 | D:1      | Reached * piety under Lugonu
   683 | D:1      | Reached skill level 1 in Dodging
   683 | D:1      | Reached XP level 3. HP: 26/29 MP: 4/4
  1175 | D:2      | Reached XP level 4. HP: 18/35 MP: 5/5
  1300 | D:2      | Reached ** piety under Lugonu
  1356 | D:2      | Reached skill level 3 in Maces & Flails
  1930 | D:3      | Found a glowing silver altar of Zin.
  1947 | D:3      | Found a hide-covered altar of Uskayaw.
  1952 | D:3      | Found a snail-covered altar of Cheibriados.
  1986 | D:3      | Gained mutation: You have sharp fingernails. [demonic
                  | ancestry]
  1986 | D:3      | Reached XP level 5. HP: 42/42 MP: 6/6
  2863 | D:4      | Found Qesimy's Elemental Accessories.
  2874 | D:4      | Reached skill level 4 in Maces & Flails
  2901 | D:4      | Noticed an ogre
  2923 | D:4      | Killed an ogre
  2923 | D:4      | Reached XP level 6. HP: 11/48 MP: 7/7
  3015 | D:4      | Noticed Edmund
  3024 | D:4      | Reached *** piety under Lugonu
  3195 | D:4      | Found a glowing golden altar of the Shining One.
  3450 | D:4      | Killed Edmund
  3626 | D:4      | Reached skill level 5 in Maces & Flails
  3780 | D:4      | Found a deep blue altar of Sif Muna.
  3845 | D:5      | Entered Level 5 of the Dungeon
  3853 | D:5      | Reached XP level 7. HP: 54/55 MP: 6/8
  3949 | D:5      | Found a runed translucent door.
  3949 | D:5      | Noticed funkygono's ghost (novice FoFi)
  4206 | D:5      | Noticed Eustachio
  4226 | D:5      | Killed Eustachio
  4249 | D:5      | Found a sand-covered staircase.
  4255 | Ossuary  | Entered an ossuary
  4446 | Ossuary  | Reached **** piety under Lugonu
  4528 | Ossuary  | Reached skill level 6 in Maces & Flails
  4619 | Ossuary  | Reached skill level 5 in Fighting
  4619 | Ossuary  | Gained mutation: You are partially covered in slimy green
                  | scales. (AC +2) [demonic ancestry]
  4619 | Ossuary  | Reached XP level 8. HP: 51/62 MP: 9/9
  4826 | D:5      | Found an iron altar of Okawaru.
  4908 | D:5      | Reached skill level 7 in Maces & Flails
  5593 | D:6      | Found a runed translucent gate.
  5593 | D:6      | Found a runed translucent gate.
  5593 | D:6      | Found a runed translucent gate.
  5595 | D:6      | Noticed fatnat's ghost (novice MiBe)
  6004 | D:6      | Reached skill level 8 in Maces & Flails
  6071 | D:6      | Found Tace Jui's Distillery.
  6080 | D:6      | Bought a potion of haste for 140 gold pieces
  6080 | D:6      | Bought a potion of heal wounds for 70 gold pieces
  6080 | D:6      | Bought a potion of curing for 42 gold pieces
  6189 | D:6      | Gained mutation: You have very sharp fingernails. [demonic
                  | ancestry]
  6189 | D:6      | Reached XP level 9. HP: 22/69 MP: 8/10
  6730 | D:6      | HP: 1/69 [electric eel/bolt of electricity (8)]
  6733 | D:6      | Killed from afar by an electric eel

Skill      XL: |  1  2  3  4  5  6  7  8 |
---------------+-------------------------+-----
Armour         | 2 3 4 |  4.9
Maces & Flails | 2 3 4 5 6 8 |  8.3
Dodging        | 1 2 |  2.5
Fighting       | 4 5 |  5.8
Stealth        | |  0.7
Invocations    | |  2.5

Action                   |  1- 3 |  4- 6 |  7- 9 || total
-------------------------+-------+-------+-------++-------
Melee: Mace              |   105 |   240 |       ||   345
       Dire flail        |       |    13 |   561 ||   574
Invok: Depart the Abyss  |     1 |       |       ||     1
       Bend Space        |       |       |     1 ||     1
  Use: Scroll            |     1 |     6 |       ||     7
       Potion            |       |       |     2 ||     2
  Eat: Ration            |     1 |     1 |     3 ||     5
       Chunk             |       |     3 |     2 ||     5
Armor: Scale mail        |    55 |   116 |    17 ||   188
       Plate armour      |       |       |   201 ||   201
Dodge: Dodged            |    62 |   115 |    78 ||   255
